[Event "*** Titled Tuesday 3|2 Blitz"]
[Site "Chess.com"]
[Date "2014.12.30"]
[Round "6"]
[White "David_Klein"]
[Black "Irochka83"]
[Result "1-0"]
[WhiteElo "2368"]
[BlackElo "2275"]
[TimeControl "180+2"]
[EndTime "12:23:43 PST"]
[Termination "David_Klein won by resignation"]

1. e4 e6 2. Qe2 c5 3. Nf3 Nc6 4.
g3 d6 5. Bg2 Nf6 6. O-O Be7 7.
c3 O-O 8. d4 cxd4 9. cxd4 d5 10. e5 Ne4 11. Be3 Bd7 12. Ne1 f5 13. f3 Ng5 14. Nc3 Nf7 15. Nd3 Rc8 16. Rac1 a6 17. Rc2 Na5 18. Rfc1 Nc4 19. Bf2 Qa5 20. f4 Rc6 21.
Nc5 Bxc5 22. dxc5 Rxc5 23. Bxc5 Qxc5+ 24. Qf2 Qa5 25. Ne2 Nd8 26. b3 Nd2 27. Nd4 Ne4 28.
Bxe4 dxe4 29. Qd2 Qb6 30. Qe3 Qa5 31. Kg2 Nc6 32. Nxc6 Bxc6 33. Rd2 Bd5 34. Rcc2 Qd8 35. h4 h6 36. Kf2 Qd7 37. Qb6 Qe7 38. Rc7 Qa3 39.
Qc5 Qxc5+ 40. Rxc5 g5 41. Ke3 g4 42. Rdc2 Rd8 43.
Rc8 Rxc8 44. Rxc8+ Kf7 45. Kd4 Bc6 46. Rc7+ Kg8 47. a4 Bd5 48. b4 Bc6 49. b5 axb5 50.
a5 Bd5 51. Kc5 e3 52. Kxb5 e2 53. Rc1 Bf3 54. Kb6 Kf7 55. Kc7 Ke7 56. Re1 Ke8 57. Kd6 Kf7 58. Kd7 Bc6+ 59. Kd8 Bf3 60. Rc1 Bd5 61.
Kd7 Bc6+ 62. Kd6 Bd5 63. Re1 Bc4 64. Kd7 Bb5+ 65. Kd8 Bc4 66. Kc7 Ba6 67. Kd6 Bc4 68. Kc5 Bd3 69. Kd4 Ba6 70. Kc5 Ke7 71. Kb6 Kd7 72. Rc1 Kd8 73. Kc5 Kc7 74. Re1 Bd3 75.
Rc1 Ba6 76. Ra1 Bd3 77. Rg1 Ba6 78. Re1 Bd3 79. Kd4 Ba6 80. Rc1+ Kd7 81. Kc5 Kc7 82. Kd4+ Kd7 83. Ke3 Bb5 84. Kd2 Ba6 85. Rc5 Kd8 86. Rc2 Kd7 87. Rc3 Bb5 88. Rb3 Ba6 89. Rb6 Ke7 90. Rd6 Bc4 91. Ke1 Bb5 92. Rb6 Ba6 93.
Rb4 Kd7 94. Rb2 Kc6 95. Rb6+ Kd7 96. Rd6+ Ke7 97. Kd2 Bc4 98. Rd4 Ba6 99. Rb4 Kd7 100.
Rb6 Ke7 101. Rb1 Kd7 102. Rc1 Bb5 103. Ke1 Ba6 104. Rc2 Bb5 105. Rd2+ Ke7 106. Rd6 Ba6 107. Kf2 Bc4 108. h5 Bb5 109. Rb6 Ba6 110. Ke1 Kd7 111. Rb2 Kc6 112. Rd2 Bc4 113. Rd8 Kb5 114. Rh8 Kxa5 115. Rxh6 b5 116. Rh8 b4 117. Ra8+ Kb5 118. h6 b3 119.
Rb8+ Kc5 120. Rxb3 1-0

[Event "*** Titled Tuesday 3|2 Blitz"]
[Site "Chess.com"]
[Date "2014.12.30"]
[Round "7"]
[White "David_Klein"]
[Black "VSERGUEI"]
[Result "0-1"]
[WhiteElo "2357"]
[BlackElo "2377"]
[TimeControl "180+2"]
[EndTime "12:28:33 PST"]
[Termination "VSERGUEI won by resignation"]

1. g3 d5 2. Bg2 e5 3. d3 g6 4. c3 Bg7 5. Nd2 Nf6 6. Qc2 O-O 7. Ngf3 Re8 8. e4 c6 9. O-O a5 10. Re1 Nbd7 11. b3 b6 12. a3 Bb7 13.
Bb2 Qc7 14. Rad1 Rad8 15. h3 b5 16. Bf1 c5 17. Bg2 dxe4 18. Nxe4 Nxe4 19. dxe4 c4 20.
bxc4 Qxc4 21. Nd2 Qc7 22. Qb3 Nc5 23. Qxb5 Ba6 24. Qxe8+ Rxe8 25. Ba1 a4 26. Nf1 Bxf1 27. Bxf1 Rd8 28. Rb1 Nb3 29. Bb5 Nd2 0-1

[Event "*** Titled Tuesday 3|2 Blitz"]
[Site "Chess.com"]
[Date "2014.12.30"]
[Round "7"]
[White "playerzr"]
[Black "Bigc08"]
[Result "1-0"]
[WhiteElo "1896"]
[BlackElo "1946"]
[TimeControl "180+2"]
[EndTime "12:29:07 PST"]
[Termination "playerzr won by resignation"]

1. d4 Nf6 2. c4 e6 3. g3 d5 4. Bg2 dxc4 5. Nf3 Nc6 6. O-O Be7 7. Na3 O-O 8. Nxc4 Bd7 9. Bf4 Nd5 10.
Bd2 Bf6 11. e4 Nb6 12. Nxb6 axb6 13. Be3 Na5 14. Qc2 Bb5 15. Rfd1 Nc4 16. Bf4 g5 17. Bc1 h6 18. a4 Ba6 19. b3 Na5 20. Ba3 Be7 21. b4 Nc6 22. b5 Bxa3 23. bxa6 Be7 24.
axb7 1-0

[Event "*** Titled Tuesday 3|2 Blitz"]
[Site "Chess.com"]
[Date "2014.12.30"]
[Round "7"]
[White "exoticprincess"]
[Black "VovAn1991"]
[Result "0-1"]
[WhiteElo "2611"]
[BlackElo "2449"]
[TimeControl "180+2"]
[EndTime "12:29:10 PST"]
[Termination "VovAn1991 won - game abandoned"]

1. b3 Nf6 2. Bb2 d6 3. e3 e5 4. Ne2 g6 5. d4 Nbd7 6. Nbc3 Bg7 7. Qd2 O-O 8. f3 a6 9. O-O-O b5 10. dxe5 Nxe5 11. Nf4 Bb7 12. Kb1 Bc6 13. h4 h5 14. Nce2 a5 15. Nd4 Qe8 16. Nxc6 Qxc6 17. Ne2 Qb6 18. Nc3 a4 0-1

[Event "*** Titled Tuesday 3|2 Blitz"]
[Site "Chess.com"]
[Date "2014.12.30"]
[Round "7"]
[White "grandmastergauri"]
[Black "MattyDPerrine"]
[Result "1-0"]
[WhiteElo "2256"]
[BlackElo "1992"]
[TimeControl "180+2"]
[EndTime "12:29:15 PST"]
[Termination "grandmastergauri won on time"]

1. e4 Nf6 2. d3 e5 3. Nf3 Nc6 4. g3 Bc5 5. Bg2 d5 6. exd5 Nxd5 7. O-O O-O 8. Nbd2 f6 9. Ne4 Be7 10. c3 b6 11. d4 f5 12. Nfg5 fxe4 13. dxe5 Bf5 14. g4 1-0

[Event "*** Titled Tuesday 3|2 Blitz"]
[Site "Chess.com"]
[Date "2014.12.30"]
[Round "7"]
[White "Yaacovn"]
[Black "THORK"]
[Result "1-0"]
[WhiteElo "2589"]
[BlackElo "2220"]
[TimeControl "180+2"]
[EndTime "12:30:20 PST"]
[Termination "Yaacovn won by resignation"]

1. d4 d5 2. Nf3 Bf5 3. c4 e6 4.
Qb3 Nc6 5. Bd2 Rb8 6. Nc3 Nf6 7. e3 a6 8. Rc1 dxc4 9. Bxc4 b5 10. Be2 Na5 11.
Qd1 Nb7 12. O-O Bd6 13. Nh4 Bg6 14. g3 O-O 15. Nxg6 hxg6 16. e4 e5 17. Be3 Re8 18. dxe5 Bxe5 19. f3 Nd6 20. Qc2 Nc4 21. Bxc4 bxc4 22.
Rfd1 Qc8 23. Na4 Qh3 24. Bf2 Red8 25. Qxc4 Rxd1+ 26. Rxd1 g5 27. b3 g4 28. f4 Bxf4 29. gxf4 g3 30. Bxg3 Qg4 31. Rf1 Rd8 32. Nc3 Rd2 33.
Rf2 Rxf2 34. Kxf2 Qh5 35. Qd4 c5 36. Qd1 Qh3 37. Qf3 Qd7 38. Nd5 Ng4+ 39. Kg2 f5 40.
exf5 Qxd5 41. Qxd5+ 1-0

[Event "*** Titled Tuesday 3|2 Blitz"]
[Site "Chess.com"]
[Date "2014.12.30"]
[Round "7"]
[White "Tilicheev_Viacheslav"]
[Black "UnPolarizing"]
[Result "1/2-1/2"]
[WhiteElo "2398"]
[BlackElo "2254"]
[TimeControl "180+2"]
[EndTime "12:30:32 PST"]
[Termination "Game drawn by agreement"]

1. e4 e6 2. d4 d5 3. Nd2 c5 4.
exd5 Qxd5 5. dxc5 Nf6 6. Ngf3 Bxc5 7. Bc4 Qd8 8. b3 O-O 9. Bb2 Nc6 10. Qe2 Qe7 11. O-O-O Rd8 12. Ne4 Nxe4 13. Qxe4 Bd7 14.
Bd3 g6 15. Kb1 Nb4 16. Qe5 f6 17. Qxf6 Qxf6 18. Bxf6 Rf8 19. Bc4 Rxf6 20. Rxd7 a6 21. Rxb7 Rd8 22. a3 Nd5 23. Bxa6 Bxa3 24. c4 Nf4 25. Kc2 Rf5 26. Rd1 Rxd1 27. Kxd1 Nxg2 1/2-1/2

[Event "*** Titled Tuesday 3|2 Blitz"]
[Site "Chess.com"]
[Date "2014.12.30"]
[Round "7"]
[White "bsmail"]
[Black "PauloCesarCosta"]
[Result "1-0"]
[WhiteElo "2132"]
[BlackElo "2057"]
[TimeControl "180+2"]
[EndTime "12:31:16 PST"]
[Termination "bsmail won on time"]

1. d4 d5 2. c4 c6 3. Nf3 e6 4.
Qc2 Nf6 5. Bg5 Nbd7 6. e3 h6 7. Bh4 Qa5+ 8. Nc3 Bb4 9. Be2 Ne4 10. Rc1 Qxa2 11. O-O Bxc3 12. bxc3 Qxc2 13. Rxc2 g5 14. Bg3 Nxg3 15. hxg3 Ke7 16. Ra1 a6 17. Rb2 f6 18. c5 e5 19. Nd2 Re8 20. Nb3 Nf8 21. Na5 Ra7 22. Rb6 Nd7 23. Rxc6 Ra8 24.
Rd6 exd4 25. cxd4 b6 26. Nc6+ Kf7 27. Bh5+ Kf8 28. Bxe8 Kxe8 29. cxb6 Nxb6 30. Rxf6 Nc4 31. Rxh6 a5 32. Ra4 Nb2 33. Rxa5 Rxa5 34. Nxa5 Bd7 35. Nb7 Nc4 36. Nc5 Bb5 37. Rg6 1-0

[Event "*** Titled Tuesday 3|2 Blitz"]
[Site "Chess.com"]
[Date "2014.12.30"]
[Round "7"]
[White "jasrom"]
[Black "chessmachined"]
[Result "0-1"]
[WhiteElo "2193"]
[BlackElo "2146"]
[TimeControl "180+2"]
[EndTime "12:31:25 PST"]
[Termination "chessmachined won on time"]

1. e4 c5 2. Nc3 Nc6 3. f4 g6 4.
Nf3 Bg7 5. Bb5 Nd4 6. O-O a6 7.
Bc4 d6 8. d3 e6 9. Nxd4 cxd4 10. Ne2 Ne7 11. Qe1 d5 12. Bb3 dxe4 13.
dxe4 b5 14. Bd2 Qb6 15. Kh1 a5 16. a3 Bb7 17. Ng3 O-O 18. f5 exf5 19. exf5 Qc6 20. Qf2 a4 21. Ba2 Nxf5 22. Nxf5 gxf5 23. Qg3 Qxc2 24.
Bb4 Rfe8 25. Rf2 Qc6 26. Rg1 Qg6 27. Qc7 Be4 28. h3 Rac8 29. Qf4 Qh5 30. Kh2 Be5 0-1

[Event "*** Titled Tuesday 3|2 Blitz"]
[Site "Chess.com"]
[Date "2014.12.30"]
[Round "7"]
[White "AlexanderL"]
[Black "DARIO555"]
[Result "1-0"]
[WhiteElo "2401"]
[BlackElo "2198"]
[TimeControl "180+2"]
[EndTime "12:31:38 PST"]
[Termination "AlexanderL won by resignation"]

1. d4 d6 2. Nf3 Bg4 3. c4 Bxf3 4.
exf3 c6 5. Nc3 Nf6 6. g3 e6 7. d5 exd5 8. cxd5 c5 9. Qe2+ Be7 10. Qb5+ Qd7 11. Bh3 Qxb5 12. Nxb5 Kd8 13. Bf4 Ne8 14. a4 a6 15. Na3 b6 16. Nc4 Kc7 17. O-O g5 18. Rfe1 Bf6 19. Rxe8 Rxe8 20. Bxd6+ Kb7 21. Bxc5 Be7 22. Bxb6 Bb4 23. a5 Re7 24. Rc1 Nd7 25.
d6 Nxb6 26. Nxb6 Bxd6 27. Nxa8 Kxa8 28. Rc6 Re1+ 29. Kg2 Bb8 30. Rxa6+ Ba7 31. Bf5 Re2 32. Bxh7 Rxb2 33. Kh3 Rxf2 34. Be4+ Kb8 35. Rf6 Ra2 36. a6 Bg1 37. Kg4 Bxh2 38. Rxf7 Rxa6 39. Rb7+ Kc8 40. Rh7 Bg1 41. Bb7+ 1-0

[Event "*** Titled Tuesday 3|2 Blitz"]
[Site "Chess.com"]
[Date "2014.12.30"]
[Round "7"]
[White "Imre91"]
[Black "KestutisLabeckas"]
[Result "1-0"]
[WhiteElo "2545"]
[BlackElo "2386"]
[TimeControl "180+2"]
[EndTime "12:31:49 PST"]
[Termination "Imre91 won by checkmate"]

1. c4 c6 2. d4 d5 3. Nf3 Nf6 4.
Qc2 g6 5. Bf4 Bg7 6. e3 O-O 7.
Bd3 dxc4 8. Bxc4 Bf5 9. Qb3 Qb6 10. Nc3 Nbd7 11. h3 Ne4 12. O-O Qxb3 13. Bxb3 Nxc3 14. bxc3 h6 15. Rfe1 g5 16. Bg3 Be4 17. Nd2 Bg6 18. e4 e5 19. Nf3 exd4 20. cxd4 Rfe8 21. e5 Rad8 22. Rad1 Nb6 23. e6 fxe6 24. h4 gxh4 25. Bxh4 Ra8 26. Ne5 Bxe5 27. Rxe5 Nd5 28. Rde1 Kf7 29.
f3 a5 30. a3 a4 31. Ba2 b5 32. Rc1 Ra6 33. Be1 Re7 34. g3 Rb6 35. Kf2 Kf6 36. Bd2 Kg7 37. Rh1 h5 38. Rhe1 Kf7 39. g4 hxg4 40.
fxg4 Rb8 41. Kg3 Bc2 42. Bg5 Ree8 43. R1e2 Bb3 44. Bb1 Rg8 45. Rf2+ Ke8 46. Rxe6+ Kd7 47. Re5 Rbe8 48. Rf7+ Kd6 49. Bf5 Rxe5 50. Rd7# 1-0

[Event "*** Titled Tuesday 3|2 Blitz"]
[Site "Chess.com"]
[Date "2014.12.30"]
[Round "7"]
[White "MartinZumsande"]
[Black "zmaj23"]
[Result "1-0"]
[WhiteElo "2235"]
[BlackElo "2104"]
[TimeControl "180+2"]
[EndTime "12:31:55 PST"]
[Termination "MartinZumsande won on time"]

1. e4 c5 2. c3 Nf6 3. e5 Nd5 4.
d4 cxd4 5. Nf3 d6 6. cxd4 Nc6 7. Bc4 Nb6 8. Bb5 dxe5 9. Nxe5 Bd7 10. Nxd7 Qxd7 11.
Nc3 e6 12. O-O Rd8 13. a4 Be7 14. a5 Nd5 15. a6 Nc7 16. axb7 Nxb5 17. Nxb5 Qxb7 18.
Qa4 O-O 19. Be3 Bf6 20. Rfd1 Rd7 21. h3 Rb8 22. Nc3 Nb4 23. Ne4 Qxe4 24. Qxd7 Nc2 25. Qxa7 Rf8 26. Ra3 Nxa3 27. Qxa3 Qc2 28. Rc1 Qe2 29.
b4 e5 30. dxe5 Bxe5 31. Qb3 1-0

[Event "*** Titled Tuesday 3|2 Blitz"]
[Site "Chess.com"]
[Date "2014.12.30"]
[Round "7"]
[White "ItalianMachine"]
[Black "AungTZ"]
[Result "1-0"]
[WhiteElo "2164"]
[BlackElo "2001"]
[TimeControl "180+2"]
[EndTime "12:32:15 PST"]
[Termination "ItalianMachine won by resignation"]

1. e4 c5 2. Nf3 Nc6 3. d3 Nf6 4.
Nc3 d5 5. Bg5 dxe4 6. dxe4 Qxd1+ 7. Rxd1 Bg4 8. Nb5 Rc8 9. Bf4 Bxf3 10. gxf3 e5 11. Bg3 a6 12. Nc3 Be7 13. Nd5 Nd4 14. Bh3 Rc6 15. c3 Nxf3+ 16. Ke2 Ng5 17. Nxf6+ Rxf6 18.
Bg2 Bd6 19. Rd5 O-O 20. Rhd1 Bb8 21. Rxc5 Ne6 22. Rcd5 Nf4+ 23. Bxf4 exf4 24. Rd8 f3+ 25. Bxf3 Bxh2 26. Rxf8+ Kxf8 27. Rd7 b5 28. Rb7 g6 29. Bg4 h5 30. Bc8 h4 31. Ra7 Bb8 32.
Rxa6 Rxa6 33. Bxa6 b4 34. cxb4 h3 35. Kf3 h2 36. Kg2 Ke7 37. Bc4 f6 38. a4 g5 39. a5 Bc7 40. a6 Bb6 41. f3 Kd6 42. Kxh2 Ke5 43. Kg3 Kd4 44. Bf1 Ke3 45. Kg4 Kf2 46. Bc4 Ke3 47. Bd5 Kd4 48. Kf5 Ke3 49.
Kxf6 Kxf3 50. e5+ Kf4 51. e6 Bd8+ 52. e7 Bxe7+ 53. Kxe7 1-0

[Event "*** Titled Tuesday 3|2 Blitz"]
[Site "Chess.com"]
[Date "2014.12.30"]
[Round "7"]
[White "GedoGluperd"]
[Black "oggy1984"]
[Result "1-0"]
[WhiteElo "2303"]
[BlackElo "2139"]
[TimeControl "180+2"]
[EndTime "12:32:41 PST"]
[Termination "GedoGluperd won by resignation"]

1. d4 Nf6 2. Bg5 d5 3. Bxf6 exf6 4. e3 Be6 5. Nd2 Bd6 6. g3 O-O 7. Bg2 Nd7 8. Ne2 f5 9. O-O Nf6 10. b3 c6 11. c4 Ne4 12. c5 Bc7 13. b4 a6 14. Nb3 Kh8 15. a4 Qd7 16. Qd3 g5 17. f4 g4 18. Ra2 h5 19. Rfa1 h4 20. b5 hxg3 21. hxg3 Kg7 22. Nd2 Rh8 23. bxa6 Rxa6 24.
Rb2 Ra7 25. Qc2 Qe8 26. Rab1 Bc8 27. Nxe4 fxe4 28. Kf2 Rh2 29. Rh1 Rxh1 30. Bxh1 Qh8 31. Rb1 f5 32. Bg2 Qf8 33. Rh1 Kg6 34. Qd1 Qg7 35. Rh2 Be6 36. Qh1 Bg8 37. Nc3 Ba5 38.
Rh5 Kf7 39. Ne2 Qf6 40. Rh6 Qg7 41. Qh5+ Kf8 42. Qxf5+ Ke8 43. Rg6 Qf7 44. Qe5+ 1-0

[Event "*** Titled Tuesday 3|2 Blitz"]
[Site "Chess.com"]
[Date "2014.12.30"]
[Round "7"]
[White "gumersindo"]
[Black "FlySooHigh"]
[Result "0-1"]
[WhiteElo "2113"]
[BlackElo "2362"]
[TimeControl "180+2"]
[EndTime "12:32:47 PST"]
[Termination "FlySooHigh won by resignation"]

1. d4 Nf6 2. c4 c5 3. d5 b5 4.
cxb5 a6 5. bxa6 g6 6. Nc3 Bxa6 7.
Nf3 d6 8. g3 Bg7 9. Bg2 Nbd7 10.
O-O Nb6 11. Nd2 O-O 12. Qc2 Nfd7 13. Re1 Ne5 14. b3 Bc8 15. Bb2 Ba6 16. a4 Qb8 17.
h3 Qb7 18. f4 Ned7 19. a5 Nc8 20. Nc4 Na7 21. Na4 Bxb2 22. Qxb2 Rab8 23. Ncb6 Nc8 24.
Nxd7 Qxd7 25. Qc3 Rb4 26. Nb2 Qb7 27. Ra3 Na7 28. Qe3 Nb5 29. Ra4 Rxa4 30. Nxa4 Nd4 31.
Nb6 Nc2 32. Qc3 Nxe1 33. Qxe1 Bb5 34. e4 Qa6 35. b4 cxb4 36. Qxb4 Be2 37. e5 Qd3 38.
Kh2 Rd8 39. exd6 exd6 40. Qb2 Bf3 41. Bxf3 Qxf3 42. a6 Re8 43. a7 Re2+ 44. Qxe2 Qxe2+ 45. Kh1 Qd1+ 46. Kh2 Qc2+ 47. Kh1 Qb1+ 48. Kg2 Qa2+ 49. Kf3 Qxa7 50. Nc4 Qc5 51. Ne3 f5 52. g4 Qc3 53.
gxf5 gxf5 0-1

[Event "*** Titled Tuesday 3|2 Blitz"]
[Site "Chess.com"]
[Date "2014.12.30"]
[Round "7"]
[White "vinceyoung15"]
[Black "MikePerelshteyn"]
[Result "0-1"]
[WhiteElo "1986"]
[BlackElo "2122"]
[TimeControl "180+2"]
[EndTime "12:32:47 PST"]
[Termination "MikePerelshteyn won by checkmate"]

1. e4 c6 2. d4 d5 3. exd5 cxd5 4. Bd3 Nc6 5. c3 Nf6 6. Bf4 g6 7. Nd2 Bf5 8. Bxf5 gxf5 9. Ngf3 Bg7 10. Ne5 e6 11.
Ndf3 Ne4 12. O-O O-O 13. Qc1 Nxe5 14. Nxe5 Rc8 15. Re1 b5 16. a3 a5 17. Qd1 b4 18. axb4 axb4 19. cxb4 Qe7 20. Qb3 Qh4 21. Bg3 Nxg3 22. hxg3 Qxd4 23. Rad1 Qa7 24. b5 Qb7 25.
Rd4 Rb8 26. Rb4 Rfc8 27. Nc6 Rxc6 28. bxc6 Qxb4 29. Qe3 Qxb2 30. c7 Rc8 31. Rc1 Qe5 32. Qb6 Qb2 33. Qc6 Be5 34. Rc2 Qb1+ 35. Kh2 Rxc7 36.
Qe8+ Kg7 37. Re2 Bf6 38. Qa8 Rc1 39. g4 Rh1+ 40. Kg3 Qd3+ 41. Re3 Be5+ 42. Kf3 Qd1+ 43. Re2 Re1 44. gxf5 Qxe2# 0-1

[Event "*** Titled Tuesday 3|2 Blitz"]
[Site "Chess.com"]
[Date "2014.12.30"]
[Round "7"]
[White "Irochka83"]
[Black "kharposh"]
[Result "1-0"]
[WhiteElo "2284"]
[BlackElo "2009"]
[TimeControl "180+2"]
[EndTime "12:32:49 PST"]
[Termination "Irochka83 won by resignation"]

1. Nf3 e6 2. g3 Nf6 3. Bg2 d6 4. d4 g6 5. O-O Bg7 6. c4 O-O 7. Nc3 Nbd7 8. e4 e5 9. h3 b6 10. Re1 Bb7 11. d5 Ne8 12. Be3 h6 13. Qd2 Kh7 14. Nh4 f5 15. exf5 gxf5 16. Nxf5 Qf6 17.
Be4 Kh8 18. Nxh6 Bxh6 19. Bxh6 Ng7 20. Bc2 Nf5 21. Bxf8 Rxf8 22. Bxf5 Qxf5 23. Qh6+ Kg8 24. Qe6+ Qxe6 25. dxe6 Nc5 26. e7 Re8 27. Nd5 Bxd5 28.
cxd5 Rxe7 29. b4 Nd3 30. Re4 Nb2 31. Rc1 Nd3 32. Ra1 Nb2 33. a4 a5 34. bxa5 bxa5 35.
Rb1 Nd3 36. Rb5 Nc5 37. Rg4+ Kf8 38. Rxa5 Rf7 39. Rxc5 dxc5 40. Rc4 Ke7 41. Rxc5 Kd6 42. Rb5 Rf3 43. Kg2 Ra3 44. a5 e4 45. h4 Ra2 46.
Kg1 Ra1+ 47. Kg2 Ra2 48. Kf1 Ra1+ 49. Ke2 Ra2+ 50. Ke3 Rc2 51. h5 Ke5 52. h6 Rc3+ 53. Kd2 Rd3+ 54. Ke2 Rf3 55. Rb7 Ra3 56. h7 Ra2+ 57.
Ke1 Ra1+ 58. Kd2 Rh1 59. Rxc7 Kxd5 60. a6 Rh2 61. Ke3 Kd6 62. a7 1-0

[Event "*** Titled Tuesday 3|2 Blitz"]
[Site "Chess.com"]
[Date "2014.12.30"]
[Round "7"]
[White "DanielRensch"]
[Black "crisfoisor"]
[Result "1-0"]
[WhiteElo "2343"]
[BlackElo "2139"]
[TimeControl "180+2"]
[EndTime "12:32:53 PST"]
[Termination "DanielRensch won by resignation"]

1. d4 g6 2. e4 Bg7 3. Nc3 d6 4. Bg5 a6 5. Nf3 h6 6. Be3 b6 7. Bc4 e6 8. Qe2 Ne7 9. Bb3 Bb7 10. h4 Nd7 11. h5 g5 12. O-O-O c5 13.
dxc5 dxc5 14. Kb1 Qc7 15. Ba4 Bc6 16. Bxc6 Nxc6 17. e5 Ndxe5 18. Ne4 Nxf3 19. Nd6+ Kf8 20. Qxf3 f5 21. g4 f4 22. Bxf4 gxf4 23. Qxf4+ Kg8 24. Qe4 Be5 25. Qg6+ Kf8 26. Qxe6 Rh7 27. Qf5+ Kg8 28. Qe6+ Kh8 29. Nf5 Rf8 30. f3 Qb7 31. Rhe1 Qc7 32. Nxh6 Bg7 33. Nf5 Qf7 34. Qxc6 Qf6 35.
Qxf6 Bxf6 36. Re6 Bd4 37. Rxb6 Rxf5 38. gxf5 Rxh5 39. f6 Rf5 40. b4 Bxf6 41. bxc5 Bg7 42. Rd8+ Kh7 43. Rd7 Rxf3 44. Kc1 Rf1+ 45. Kd2 Rf5 46.
Rbb7 1-0

[Event "*** Titled Tuesday 3|2 Blitz"]
[Site "Chess.com"]
[Date "2014.12.30"]
[Round "7"]
[White "LuckyTiger"]
[Black "rhungaski"]
[Result "1-0"]
[WhiteElo "2542"]
[BlackElo "2408"]
[TimeControl "180+2"]
[EndTime "12:32:57 PST"]
[Termination "LuckyTiger won on time"]

1. e4 d6 2. d4 Nf6 3. Nc3 e5 4.
Nf3 Nbd7 5. Bc4 Be7 6. O-O O-O 7.
Re1 c6 8. a4 a5 9. h3 exd4 10.
Nxd4 Nc5 11. b3 Be6 12. Nxe6 fxe6 13. e5 d5 14. Bd3 Nfd7 15. Bf1 Qe8 16. Qg4 Qf7 17.
f4 g6 18. Be3 Qf5 19. Qxf5 gxf5 20. g4 fxg4 21. hxg4 d4 22. Bxd4 Rxf4 23. Be3 Rxg4+ 24. Kh2 Nxe5 25. Be2 Rh4+ 26. Kg3 Ng6 27. Bxc5 Bxc5 28. Bc4 Bd6+ 29. Kg2 Rh2+ 30. Kg1 Nh4 31. Rxe6 Nf3+ 32. Kf1 Nd2+ 33. Kg1 Nxc4 34. bxc4 Bc7 35. Re7 Bd6 36.
Rd7 Be5 37. Ne4 Kh8 38. Rad1 Rg8+ 39. Kf1 Rh4 40. Nf2 1-0

[Event "*** Titled Tuesday 3|2 Blitz"]
[Site "Chess.com"]
[Date "2014.12.30"]
[Round "7"]
[White "jlandaw"]
[Black "LADIESGET2KNOWME"]
[Result "0-1"]
[WhiteElo "2320"]
[BlackElo "2238"]
[TimeControl "180+2"]
[EndTime "12:32:58 PST"]
[Termination "LADIESGET2KNOWME won by resignation"]

1. e4 e6 2. d4 d5 3. e5 c5 4. c3 Nc6 5. Nf3 Nh6 6. dxc5 Bxc5 7. Bd3 f6 8. Bxh6 gxh6 9. Nd4 Nxe5 10. Qh5+ Ke7 11. Bc2 Qf8 12. O-O Bd7 13. Re1 Kd6 14. Nd2 Rg8 15. Rad1 Qg7 16. g3 Bxd4 17. cxd4 Nc6 18.
Nb3 b6 19. Re2 Qg4 20. Qxg4 Rxg4 21. h3 Rg7 22. Kh2 a5 23. a3 a4 24. Nc1 Na5 25. Nd3 Nc4 26. Bb1 Rc8 27. Rde1 Re7 28. Nf4 e5 29. Nh5 Rf8 30. Bd3 b5 31. Bxc4 bxc4 32.
Nxf6 e4 33. Nh5 Ref7 34. Nf4 Rb8 35. Kg2 Rff8 36. f3 exf3+ 37. Kxf3 Rb3+ 38. Kg2 Rfb8 39. Re5 Rxb2+ 40. Kh1 R8b5 41. Rh5 c3 42. Rxh6+ Kc7 43. Rxh7 Rb1 44. Nxd5+ Kd6 45. Rxb1 Rxb1+ 46. Kg2 Bc6 0-1

[Event "*** Titled Tuesday 3|2 Blitz"]
[Site "Chess.com"]
[Date "2014.12.30"]
[Round "7"]
[White "Philofive"]
[Black "pKiLz5Rn9b"]
[Result "1-0"]
[WhiteElo "2282"]
[BlackElo "2181"]
[TimeControl "180+2"]
[EndTime "12:33:16 PST"]
[Termination "Philofive won by checkmate"]

1. d4 e6 2. c4 Nf6 3. Nc3 Bb4 4. f3 d5 5. a3 Bxc3+ 6. bxc3 c5 7. cxd5 Nxd5 8. dxc5 Qa5 9. e4 Ne7 10. Be3 Na6 11. Qb3 O-O 12. Kf2 Rd8 13. Bxa6 Qxa6 14. Ne2 Bd7 15. Rhd1 Ba4 16. Rxd8+ Rxd8 17. Qb4 Nc6 18. Qb2 Ne5 19. Qb1 Rd1 20. Qxd1 Bxd1 21. Rxd1 Nd3+ 22. Kg3 h6 23. Rb1 Ne5 24. Nd4 Nc4 25.
Bc1 Nxa3 26. Ra1 Qf1 27. Bb2 Qd3 28. Rxa3 a6 29. Rb3 Qc4 30. Rxb7 e5 31. Nf5 Qxc5 32. c4 a5 33. Rb5 Qxc4 34. Rxa5 Qe2 35. Ra8+ Kh7 36.
Bxe5 f6 37. Bf4 g5 38. Ra7+ Kg6 39. Rg7+ Kh5 40. Be3 Qe1+ 41. Kh3 Qxe3 42. g4# 1-0

[Event "*** Titled Tuesday 3|2 Blitz"]
[Site "Chess.com"]
[Date "2014.12.30"]
[Round "7"]
[White "AUSSIE_PINOY"]
[Black "BeerLag"]
[Result "1/2-1/2"]
[WhiteElo "2260"]
[BlackElo "2152"]
[TimeControl "180+2"]
[EndTime "12:33:35 PST"]
[Termination "Game drawn by repetition"]

1. d4 Nf6 2. Nf3 g6 3. c4 Bg7 4. Nc3 d6 5. Bg5 Nbd7 6. h3 c6 7. e3 Qa5 8. Bd3 e5 9. O-O O-O 10. Bh4 Re8 11. Be2 exd4 12. Nxd4 d5 13. a3 dxc4 14.
Bxc4 Ne5 15. Ba2 Qb6 16. Qc2 Bd7 17. Bg3 Rad8 18. Rac1 c5 19. Nb3 Bc6 20. Rcd1 Nc4 21. Qe2 Rxd1 22. Rxd1 Nxb2 23. Rb1 Na4 24. Nxa4 Bxa4 25. Nd2 Qc6 26. Qc4 b5 27. Qxf7+ Kh8 28. Qxa7 Ne4 29. Nxe4 Qxe4 30. Re1 c4 31. Bb1 Qc6 32.
Qf7 c3 33. Rc1 Rf8 34. Qe7 Qf6 35. Qc5 Rd8 36. Ba2 Qf8 37. Qc7 Rc8 38. Qb7 c2 39. h4 Bb2 40. Qd7 Re8 41. Qd5 h6 42. h5 Bxc1 43. Be5+ Rxe5 44. Qxe5+ Kh7 45. Qc7+ Qg7 46. hxg6+ Kxg6 47. Qc6+ Kh7 48. Qe4+ Qg6 49.
Qe7+ Kh8 50. Qf8+ Kh7 51. Qe7+ Qg7 52. Qe4+ Kh8 53. Qe8+ Kh7 54. Qe4+ Qg6 55. Qe7+ Kh8 56. Qf8+ Kh7 57. Qe7+ Qg7 58. Qe4+ Qg6 59. Qe7+ Qg7 60. Qe4+ Qg6 1/2-1/2

[Event "*** Titled Tuesday 3|2 Blitz"]
[Site "Chess.com"]
[Date "2014.12.30"]
[Round "7"]
[White "Gevorg_Harutjunyan"]
[Black "DanielNaroditsky"]
[Result "0-1"]
[WhiteElo "2445"]
[BlackElo "2567"]
[TimeControl "180+2"]
[EndTime "12:33:42 PST"]
[Termination "DanielNaroditsky won by resignation"]

1. e4 c5 2. Nc3 Nc6 3. Bb5 Nd4 4. Bc4 e6 5. Nge2 Ne7 6. O-O Nec6 7. d3 Nxe2+ 8.
Qxe2 Nd4 9. Qd1 a6 10. a4 Be7 11. f4 O-O 12. f5 Bf6 13. Bf4 d6 14. Bg3 exf5 15.
Nd5 Be5 16. Bxe5 dxe5 17. c3 Nc6 18. exf5 Qg5 19. Qf3 Bd7 20. Rae1 Kh8 21. Re4 f6 22. Ne3 Ne7 23. Rg4 Qh6 24. Qg3 g6 25. Rh4 Qg7 26. fxg6 Nxg6 27. Re4 f5 28. Nxf5 Bxf5 29. Re3 Rae8 30.
Rfe1 Bd7 31. a5 Bc6 32. h4 Nxh4 33. Qxg7+ Kxg7 34. Rxe5 Rxe5 35. Rxe5 Rf5 36. Re7+ Kh6 37. Bg8 Nxg2 38. Rxh7+ Kg6 39. Rc7 Rg5 40. Kf2 Nf4 41.
Bh7+ Kf6 42. Be4 Ne6 43. Rh7 Bxe4 44. dxe4 Rg7 45. Rh5 Rg5 46. Rh7 Rg7 47. Rh5 Rd7 48. Rf5+ Ke7 49. Ke3 Rd1 50. Rh5 Re1+ 51. Kd2 Re2+ 52.
Kc1 Kd6 53. Rd5+ Kc6 54. Re5 Nf4 55. Rf5 Nd3+ 56. Kd1 Rxb2 57. c4 Nf2+ 58. Kc1 Nd3+ 59. Kd1 Rf2 60. Rh5 Nb2+ 61. Ke1 Nd3+ 62. Kd1 Nb2+ 63. Ke1 Rf4 64. Rh6+ Kc7 65. Rh7+ Kb8 66. Rh8+ Ka7 67. Re8 Nxc4 68. Ke2 Nd6 69. Rd8 Rxe4+ 70.
Kf3 Rd4 71. Ke3 Nc4+ 0-1

[Event "*** Titled Tuesday 3|2 Blitz"]
[Site "Chess.com"]
[Date "2014.12.30"]
[Round "7"]
[White "davopetr"]
[Black "FairChess_on_YouTube"]
[Result "1/2-1/2"]
[WhiteElo "2576"]
[BlackElo "2694"]
[TimeControl "180+2"]
[EndTime "12:33:47 PST"]
[Termination "Game drawn by agreement"]

1. e4 c5 2. d3 Nc6 3. f4 d5 4.
Be2 g6 5. Nf3 Bg7 6. O-O Nf6 7. e5 Ng8 8. c4 d4 9. Nbd2 Nh6 10. Ne4 b6 11. Re1 O-O 12. Bf1 f5 13. Nf2 e6 14. a3 a5 15. g3 Bb7 16. Bg2 Nf7 17. Bd2 a4 18. h3 Ra6 19. g4 Qa8 20.
gxf5 exf5 21. Qe2 Re8 22. h4 Ncd8 23. Nh3 Ne6 24. Nfg5 Bxg2 25. Qxg2 Qxg2+ 26. Kxg2 h5 27. Nxe6 Rxe6 28. Kf3 Bf8 29. Ng5 Nxg5+ 30. hxg5 Kf7 31.
Reb1 Ke8 32. b3 axb3 33. Rxb3 Be7 34. a4 Bd8 35. Be1 Kd7 36. Rb5 Kc6 37. Bf2 Re7 38.
Rb2 Rea7 39. Rba2 Kd7 40. Bh4 Rc7 41. Bf2 Rc6 42. Bh4 Rc8 43. Bf2 Rca8 44. Bh4 R6a7 45. Bf2 b5 46. cxb5 Ba5 47. Be1 Bxe1 48. Rxe1 Rxa4 49.
Rxa4 Rxa4 50. Rc1 Ra3 51. Rxc5 Rxd3+ 52. Ke2 Re3+ 53. Kd2 h4 54. Rc6 1/2-1/2